 Dungeon Crawl Stone Soup version bcrawl-1.13.5 (webtiles) character file.

Game seed: 12584637432380288922

1406 Chiseanne the Thaumaturge (level 8, 0/37 HPs)
             Began as a Spriggan Archaeologist on Aug 24, 2019.
             Slain by a hippogriff (7 damage)
             ... on level 6 of the Dungeon.
             The game lasted 00:16:15 (8503 turns).

Chiseanne the Thaumaturge (Spriggan Archaeologist)  Turns: 8503, Time: 00:16:15

Health: 0/37       AC:  5    Str: 20    XL:     8   Next: 42%
Magic:  22/22      EV: 24    Int: 41    God:
Gold:   291        SH:  0    Dex: 14    Spells: 23/26 levels left

rFire    . . .     SeeInvis +   a - +6 Majin-Bo {vamp, *Drain Str+12 Int+24}
rCold    + . .     Gourm    .   (shield currently unavailable)
rNeg     . . .     Faith    .   l - +2 robe {MR+}
rPois    .         Spirit   .   c - +2 hat
rElec    .         Reflect  .   (no cloak)
rCorr    .         Harm     .   (gloves unavailable)
MR       ++...     Clarity  +   (boots unavailable)
Stlth    +++.......             u - amulet of the acrobat
HPRegen  0.12/turn              t - ring of protection from cold
MPRegen  0.18/turn              (no ring)

@: very quick
A: very small, unfitting armour, see invisible, blink, clarity, deformed body,
herbivore, speed 3, slow metabolism 2, evolution 1
a: Blink


You were on level 6 of the Dungeon.
You were full.

You visited 1 branch of the dungeon, and saw 6 of its levels.

You collected 291 gold pieces.

Inventory:

Hand Weapons
 a - the +6 Majin-Bo (weapon) {vamp, *Drain Str+12 Int+24}

   It inflicts no extra harm, but heals its wielder when it wounds a living foe.
   It affects your strength (+12).
   It affects your intelligence (+24).
   It causes draining when unequipped.
 s - a +0 rapier
Missiles
 i - 120 tomahawks (quivered)
 j - 1845 stones
 k - 313 arrows
 m - 559 sling bullets
 n - 546 poisoned needles
 q - 267 bolts
 y - 44 needles of frenzy
Armour
 c - a +2 hat (worn)
 l - a +2 robe of magic resistance (worn)
Jewellery
 t - a ring of protection from cold (left hand)
 u - an amulet of the acrobat (around neck)
Wands
 b - a wand of polymorph (8)
Scrolls
 f - 2 scrolls of remove curse
 p - 4 scrolls of amnesia
 r - a scroll of enchant armour
 v - a scroll of magic mapping
 w - a scroll of teleportation {unknown}
Potions
 d - a potion of magic
 e - 2 potions of curing
 h - a potion of heal wounds {unknown}
 o - 3 potions of brilliance {unknown}
 x - a potion of agility {unknown}
 z - a potion of lignification {unknown}
Comestibles
 g - 3 rations {!d}


   Skills:
 - Level 1.5 Fighting
   Level 0.6(2.4) Maces & Flails
 * Level 3.8(3.9) Staves
 * Level 9.2 Dodging
 - Level 5.5 Stealth
 * Level 9.7 Spellcasting


You had 23 spell levels left.
You knew the following spells:

 Your Spells              Type           Power        Failure   Level  Hunger
a - Iskenderun's Mystic   Conj           ###.....     4%          3    None

Your spell library contained the following spells:

 Spells                   Type           Power        Failure   Level  Hunger
 Magic Dart               Conj           ###.         1%          1    None
 Searing Ray              Conj           ###...       2%          2    None
 Fulminant Prism          Conj/Hex       ###.......   17%         4    None
 Irradiate                Conj/Tmut      ###.......   43%         5    #......


Dungeon Overview and Level Annotations

Branches:
Dungeon (6/12)
 Temple: D:4-7

Altars:
Uskayaw
Yredelemnul

Annotations:
D:4 Prince Ribbit


Innate Abilities, Weirdness & Mutations

You are very small and have problems with some larger weapons.
You are too small for most types of armour.
You have supernaturally acute eyesight. (SInv)
You are a herbivore.
You cover ground extremely quickly.
You need to consume almost no food.
You can translocate small distances at will.
You possess an exceptional clarity of mind.
Armour fits poorly on your strangely shaped body.
You evolve.


Message History

The hippogriff is almost dead.
The hippogriff bites you! The hippogriff misses you.
The hippogriff completely misses you. The hound skeleton barely misses you.
You barely miss the hippogriff.
The hippogriff is almost dead.
The hippogriff closely misses you. The hippogriff completely misses you.
The hippogriff claws you. The hound skeleton closely misses you.
You hit the hippogriff but do no damage.
The hippogriff is almost dead.
The hound skeleton barely misses you. The hippogriff bites you!
The hippogriff pecks you. The hippogriff claws you.
* * * LOW HITPOINT WARNING * * *
The hound skeleton bites you.
* * * LOW HITPOINT WARNING * * *
You hit the hippogriff.
The hippogriff is almost dead.
The hippogriff misses you. x2; The hippogriff closely misses you.
The hound skeleton completely misses you.
The hippogriff bites you!
You die...

.. .# #. ..#
#.####..##
##........
#.......# #.
#...!...###
##.#####..H.......
#.....##..@Z....#
#.....##........#
#.....#........##
#......>.......#
###..............#
#................#
........#...>#####
<...###..####...#
#..# #.## ###..#


You could see a hippogriff and a hound skeleton.

Vanquished Creatures
  A spriggan (D:6)
  A water moccasin (D:5)
  An ice beast (D:5)
  2 sky beasts
  A phantom (D:4)
  A scorpion (D:5)
  3 killer bees (D:6)
  A centaur zombie (D:6)
  An orc priest (D:5)
  3 hounds
  2 orc wizards
  A bullfrog skeleton (D:4)
  An iguana (D:4)
  Ijyb (D:5)
  Jessica (D:2)
  2 worker ants
  A hound skeleton (D:6)
  9 adders
  3 oozes
  An adder zombie (D:6)
  An adder skeleton (D:5)
  4 worms
  2 dart slugs (D:1)
  5 leopard geckos
  12 orcs
  10 bats
  6 giant cockroaches
  10 goblins
  12 hobgoblins
  13 jackals
  2 quokkas
  2 frilled lizards
  2 gnoll zombies (D:3)
  9 kobolds
  A quokka zombie (D:6)
  9 rats
137 creatures vanquished.

Notes
Turn   | Place    | Note
-------+----------+-------------------------------------------
     0 | D:1      | Chiseanne the Spriggan Archaeologist began the quest for
                  | the Orb.
     0 | D:1      | Reached XP level 1. HP: 9/9 MP: 2/2
    83 | D:1      | Reached skill level 1 in Fighting
    83 | D:1      | Reached skill level 5 in Stealth
   138 | D:1      | Reached XP level 2. HP: 7/14 MP: 3/3
   949 | D:1      | Reached skill level 5 in Dodging
  1220 | D:1      | Reached XP level 3. HP: 8/18 MP: 4/4
  1535 | D:1      | Reached skill level 1 in Spellcasting
  2197 | D:2      | Noticed Jessica
  2206 | D:2      | Reached XP level 4. HP: 22/22 MP: 10/10
  2224 | D:2      | Killed Jessica
  2224 | D:2      | Reached skill level 5 in Spellcasting
  3568 | D:3      | Reached XP level 5. HP: 25/25 MP: 14/14
  3748 | D:3      | Noticed a hippogriff
  3760 | D:2      | HP: 1/25 [orc wizard/puff of frost (8)]
  4468 | D:3      | Found a basalt altar of Yredelemnul.
  5262 | D:4      | Noticed a sky beast
  5272 | D:4      | Killed a sky beast
  5272 | D:4      | Reached skill level 1 in Staves
  5272 | D:4      | Reached XP level 6. HP: 20/30 MP: 18/18
  6219 | D:5      | Entered Level 5 of the Dungeon
  6224 | D:5      | Noticed Prince Ribbit
  6233 | D:5      | Noticed a hungry ghost
  6237 | D:5      | Reached XP level 7. HP: 31/33 MP: 20/20
  6741 | D:5      | Found a hide-covered altar of Uskayaw.
  7085 | D:5      | Gained mutation: You evolve. [potion of mutation]
  7085 | D:5      | Gained mutation: Armour fits poorly on your strangely
                  | shaped body. [potion of mutation]
  7085 | D:5      | Gained mutation: You can translocate small distances at
                  | will. [potion of mutation]
  7085 | D:5      | Gained mutation: You possess an exceptional clarity of
                  | mind. [potion of mutation]
  7318 | D:5      | Learned a level 3 spell: Iskenderun's Mystic Blast
  7435 | D:5      | Noticed Ijyb
  7450 | D:5      | Killed Ijyb
  8058 | D:6      | Reached XP level 8. HP: 29/37 MP: 22/22
  8140 | D:6      | Noticed a troll
  8180 | D:6      | a troll changed into a spriggan
  8480 | D:6      | Noticed a hippogriff
  8503 | D:6      | Slain by a hippogriff

Skill      XL: |  1  2  3  4  5  6  7  8 |
---------------+-------------------------+-----
Fighting       | 1 |  1.5
Stealth        | 5 |  5.5
Dodging        | 5 6 8 9 |  9.2
Spellcasting   | 3 6 8 9 |  9.7
Staves         | 1 2 3 |  3.8
Maces & Flails | |  0.6

Action                   |  1- 3 |  4- 6 |  7- 9 || total
-------------------------+-------+-------+-------++-------
Melee: Whip              |   259 |     8 |       ||   267
       Short sword       |       |   115 |       ||   115
       Rapier            |       |   123 |       ||   123
       Quarterstaff      |       |    41 |   142 ||   183
Throw: Tomahawk          |       |     5 |     1 ||     6
 Cast: Iskenderun's Myst |       |       |     7 ||     7
Evoke: Wand              |       |       |     1 ||     1
  Use: Scroll            |     2 |     7 |       ||     9
       Potion            |       |       |     4 ||     4
 Stab: Sleeping          |    17 |     9 |     5 ||    31
       Distracted        |     1 |       |     1 ||     2
  Eat: Ration            |       |     3 |     2 ||     5
Armor: Robe              |    31 |    50 |    17 ||    98
Dodge: Dodged            |   214 |   330 |   168 ||   712
